 Dungeon Crawl Stone Soup version 0.28-a0-1510-gd0f6b136d3 (webtiles) character file.

Game seed: 6781544800333422733

18 Lekart the Skirmisher (level 2, 0/27 HPs)
             Began as a Draconian Abyssal Knight on Jan 15, 2022.
             Was a Follower of Lugonu.
             Frozen to death by an endoplasm (1 damage)
             ... on level 1 of the Dungeon.
             The game lasted 00:00:58 (305 turns).

Lekart the Skirmisher (Draconian Abyssal Knight)     Turns: 305, Time: 00:00:59

Health: 0/27       AC:  4    Str: 15    XL:     2   Next: 51%
Magic:  3/3        EV: 12    Int: 10    God:    Lugonu [*.....]
Gold:   31         SH:  0    Dex: 11    Spells: 1/1 levels left

rFire   . . .      SeeInvis .   a - +1 falchion
rCold   . . .      Faith    .   (no shield)
rNeg    . . .      Spirit   .   (armour unavailable)
rPois   .          Reflect  .   (helmet restricted)
rElec   .          Harm     .   (no cloak)
rCorr   .          Rampage  .   (no gloves)
Will    .....                   (no boots)
Stlth   +.........              (no amulet)
HPRegen 0.09/turn               (no ring)
MPRegen 0.08/turn               (no ring)

@: slowed, very slow
A: AC +4, unfitting armour, cold-blooded
a: Renounce Religion, Depart the Abyss


You were on level 1 of the Dungeon.
You worshipped Lugonu.
Lugonu was aware of your devotion.
You visited 1 branch of the dungeon, and saw 1 of its levels.
You visited the Abyss 1 time.

You collected 31 gold pieces.

Inventory:

Hand Weapons
 a - a +1 falchion (weapon)
Scrolls
 b - 2 scrolls of acquirement {unknown}
 c - a scroll of identify {unknown}


   Skills:
 + Level 3.8 Fighting
 + Level 2.3 Long Blades
 + Level 2.2 Dodging
 * Level 2.2 Invocations


You had one spell level left.
You didn't know any spells.
Your spell library was empty.

Dungeon Overview and Level Annotations

Branches:
Dungeon (1/15)

Altars:


Innate Abilities, Weirdness & Mutations

Your plain brown scales are hard. (AC +4)
You cannot fit into any form of body armour.
You are cold-blooded and may be slowed by cold attacks.


Message History

The quokka is lightly wounded.
The quokka bites you. The endoplasm barely misses you. The quokka bites you.
The endoplasm closely misses you.
There are monsters nearby!
You closely miss the quokka.
The quokka is lightly wounded.
You feel yourself speed up. The quokka bites you.
The endoplasm closely misses you. x2
A ball python comes into view.
The quokka misses you. The endoplasm closely misses you.
The endoplasm barely misses you.
There are monsters nearby!
There are monsters nearby!
The ball python hisses angrily.
You slash the quokka!
You kill the quokka!
Lugonu accepts your kill. The endoplasm freezes you.
You are frozen.
You feel yourself slow down. The endoplasm barely misses you.
There are monsters nearby!
You hit the endoplasm.
The endoplasm is heavily wounded.
The endoplasm hits you but does no damage.
The endoplasm freezes you.
You are frozen.
The endoplasm freezes you.
You are frozen.
* * * LOW HITPOINT WARNING * * *
The endoplasm freezes you.
You are frozen.
* * * LOW HITPOINT WARNING * * *
You feel as though you will be slow longer.
You are too injured to fight recklessly!
There are monsters nearby!
There are monsters nearby!
You are too injured to fight recklessly!
You are too injured to fight recklessly!
The endoplasm freezes you.
You are frozen.
You die...

.............. ...
######..##.#.#..#.#....
#.......#..#.#.#.##.
#..##..............
#...#...#..#.....##.
......#........#........
####..#.††.##..#........
.(..##...##..#.)......
#.............@JS......
#.#.......#....J.......
#.#..##.>.#...#.#.#....
#.. #...#...#.#.# ...
... #.......#.# # . .#
##..#...#!# ..........
#..#..##^.


You could see 2 endoplasms and a ball python.

Vanquished Creatures
  3 ball pythons (D:1)
  2 bats (D:1)
  2 endoplasms (D:1)
  4 quokkas (D:1)
  2 goblins (D:1)
  A kobold (D:1)
  2 rats (D:1)
16 creatures vanquished.

Notes
Turn   | Place    | Note
-------+----------+-------------------------------------------
     0 | Abyss:1  | Lekart the Draconian Abyssal Knight began the quest for the
                  | Orb.
     0 | Abyss:1  | Reached XP level 1. HP: 19/19 MP: 2/2
    41 | Abyss:3  | Noticed a spatial maelstrom
    65 | Abyss:3  | Noticed a small abomination
    71 | Abyss:3  | Noticed an apocalypse crab
    73 | D:1      | Escaped the Abyss
   185 | D:1      | Reached * piety under Lugonu
   194 | D:1      | Reached XP level 2. HP: 27/27 MP: 3/3
   304 | D:1      | HP: 1/27 [frozen (4)]
   305 | D:1      | Frozen to death by an endoplasm

Illustrated notes

Levels and vault maps discovered:
D:1:      pf_arrival_petrified_forest, layout_basic, minmay_bisected

Action                   || total
-------------------------++-------
Melee: Falchion          ||    40
       Tailslap          ||     2
Invok: Depart the Abyss  ||     1
 Stab: Sleeping          ||     2
Armor: Skin              ||    22
Dodge: Dodged            ||    40

Table legend: (Time is in decaauts)
 A = Elapsed time spent in this place.
 B = Non-inter-level travel time spent in this place.
 C = Inter-level travel time spent in this place.
 D = Time resting spent in this place.
 E = Time spent auto-exploring this place.
 F = Levels seen in this place.
 G = Mean time per level.
                   A        B        C        D        E       F      G
               +--------+--------+--------+--------+--------+-----+--------+
         Total |    313 |    313 |      0 |      0 |    177 |   4 |   78.2 |
       Dungeon |    241 |    241 |      0 |      0 |    156 |   1 |  241.0 |
         Abyss |     72 |     72 |      0 |      0 |     21 |   3 |   24.0 |
               +--------+--------+--------+--------+--------+-----+--------+

Top non-repeatable levels by time:
     D:1: 241 daAuts
 Abyss:3: 32 daAuts
 Abyss:1: 30 daAuts
 Abyss:2: 9 daAuts
